 Dungeon Crawl Stone Soup version 0.29-a0-824-gd827844252 (webtiles) character file.

Game seed: 3901574001592838185

524 Malachi the Grappler (level 7, 0/66 HPs)
             Began as a Troll Berserker on July 10, 2022.
             Was a Priest of Trog.
             Slain by a gnoll
             ... wielding a +0 spear
             ... led by a gnoll sergeant
              (2 damage)
             ... on level 5 of the Dungeon.
             The game lasted 00:03:42 (2997 turns).

Malachi the Grappler (Troll Berserker)              Turns: 2997, Time: 00:03:43

Health: 0/66       AC:  6    Str: 25 (28) XL:     7   Next: 2%
Magic:  0/6        EV: 10    Int:  1 (3)  God:    Trog [***...]
Gold:   241        SH:  0    Dex: 13 (15) Spells: 6/6 levels left

rFire   . . .      SeeInvis .     - Unarmed
rCold   . . .      Faith    .   (no shield)
rNeg    . . .      Spirit   +   a - +0 animal skin
rPois   +          Reflect  .   (helmet restricted)
rElec   +          Harm     .   v - +1 cloak
rCorr   +          Rampage  .   (gloves unavailable)
Will    +....                   (boots unavailable)
Stlth   +.........              t - amulet of guardian spirit
HPRegen 1.01/turn               l - ring "Vanwuqau" {Drain Fly rElec rPois rCorr Dex+6}
MPRegen 0.10/turn               q - ring of willpower

@: on berserk cooldown, flying, slowed, very slow
A: large, unfitting armour, claws 3, regeneration 1, shaggy fur 1, tough skin 1
a: Renounce Religion, Berserk, Trog's Hand


You were on level 5 of the Dungeon.
You worshipped Trog.
Trog was most pleased with you.
You visited 1 branch of the dungeon, and saw 5 of its levels.

You collected 241 gold pieces.

Inventory:

Missiles
 e - 2 javelins (quivered)
Armour
 a - a +0 animal skin (worn)
 v - a +1 cloak (worn)
Jewellery
 l - the ring "Vanwuqau" (left claw) {Drain Fly rElec rPois rCorr Dex+6}
   (You found it on level 2 of the Dungeon)

   [ring of dexterity]

   Dex:       It affects your dexterity (+6).
   rElec:     It insulates you from electricity.
   rPois:     It protects you from poison.
   Fly:       It grants you flight.
   rCorr:     It protects you from acid and corrosion.
   Drain:     It drains your maximum health when unequipped.
 o - a ring of fire
 q - a ring of willpower (right claw)
 t - an amulet of guardian spirit (around neck)
 w - a ring of fire
Wands
 s - a wand of quicksilver (14)
 z - a wand of roots (6)
Scrolls
 b - 4 scrolls of identify {unknown}
 c - 3 scrolls of fear {unknown}
 g - 2 scrolls of magic mapping {unknown}
 h - 2 scrolls of blinking {unknown}
 j - a scroll of acquirement {unknown}
 m - a scroll of noise {unknown}
 n - 2 scrolls of enchant armour {unknown}
 r - a scroll of vulnerability {unknown}
 u - a scroll of torment {unknown}
 y - a scroll of teleportation {unknown}
 A - a scroll of fog {unknown}
Potions
 i - 2 potions of berserk rage {unknown}
 k - 4 potions of curing {unknown}
 p - a potion of heal wounds {unknown}
 x - 2 potions of haste {unknown}


   Skills:
 - Level 2.4 Fighting
 - Level 2.4 Dodging
 * Level 8.0 Unarmed Combat


You had 6 spell levels left.
You didn't know any spells.
Your spell library was empty.

Dungeon Overview and Level Annotations

Branches:
Dungeon (5/15)
 Temple: D:4-7

Altars:
Wu Jian


Innate Abilities, Weirdness & Mutations

You are too large for most types of armour.
You have claws for hands.
Your natural rate of healing is unusually fast.
You are covered in fur. (AC +1)
You have tough skin. (AC +1)


Message History

Trog accepts your kill.
The gnoll hits the plant with a +0 spear!
The gnoll sergeant hits the plant with a +0 spear.
The gnoll sergeant hits the plant with a +0 spear!
A nearby plant withers and dies. x2
You closely miss the orc. You claw the orc!
You kill the orc!
Trog accepts your kill. The orc attacks as you move away!
The orc hits you with a +0 war axe! The orc barely misses you.
The gnoll hits you but does no damage. x2
The gnoll sergeant barely misses you. The orc misses you.
The orc hits you with a +0 war axe.
The gnoll sergeant hits you from afar with a +0 spear.
You closely miss the orc. The orc hits you with a +0 war axe.
The gnoll barely misses you. The gnoll sergeant misses you.
You claw the orc!
The orc is almost dead.
The orc hits you with a +0 war axe.
* * * LOW HITPOINT WARNING * * *
The gnoll hits you but does no damage.
The gnoll sergeant hits you but does no damage.
The gnoll hits you from afar with a +0 spear!
* * * LOW HITPOINT WARNING * * *
The gnoll sergeant barely misses you. The orc barely misses you.
It was a potion of degeneration.
There was something very wrong with that liquid.
You feel weakened.
You feel dopey.
You feel clumsy. The orc barely misses you.
The gnoll hits you from afar with a +0 spear.
* * * LOW HITPOINT WARNING * * *
The gnoll sergeant barely misses you.
It was a potion of flight.
You feel more buoyant. The orc hits you but does no damage.
The gnoll hits you from afar with a +0 spear.
* * * LOW HITPOINT WARNING * * *
The gnoll sergeant hits you from afar with a +0 spear.
* * * LOW HITPOINT WARNING * * *
The gnoll hits you from afar with a +0 spear.
You die...

...P...P.........###
....P....P.P......####
..PP.P...............##
.....P.P.P..).........#
P?..P...P.P....P......##
⌠.............)..P.....#
⌠..P....P....gg.....P.#
P..?..P......o..P....#
P...........@.......#
.P.....P.|.........#
....P..............#
..PP.......P......#
.P.............#.#
..............##.#
..............##.#
.....P...........######
...........#####<.....#


You could see a gnoll sergeant, a gnoll and an orc.

Vanquished Creatures
  A black bear (D:4)
  An ogre (D:4)
  A jelly (D:5)
  A hound (D:4)
  An orc priest (D:4)
  Crazy Yiuf (D:3)
  Ijyb (D:3)
  Terence (D:3)
  3 gnolls
  5 adders
  An ufetubus (D:4)
  A worm (D:2)
  A dart slug (D:4)
  9 orcs
  4 ball pythons
  5 bats
  5 endoplasms
  5 giant cockroaches
  7 goblins
  8 hobgoblins
  5 jackals
  9 kobolds
  3 quokkas
  3 frilled lizards
  4 rats
86 creatures vanquished.

Vanquished Creatures (others)
  3 plants (D:5)
3 creatures vanquished.

Grand Total: 89 creatures vanquished

Notes
Turn   | Place    | Note
-------+----------+-------------------------------------------
     0 | D:1      | Malachi the Troll Berserker began the quest for the Orb.
     0 | D:1      | Reached XP level 1. HP: 22/22 MP: 0/0
    68 | D:1      | Reached XP level 2. HP: 27/29 MP: 1/1
    72 | D:1      | Found a faded altar of an unknown god.
   241 | D:1      | Reached skill level 4 in Unarmed Combat
   561 | D:2      | Reached XP level 3. HP: 28/36 MP: 2/2
   673 | D:2      | Found an ornate altar of the Wu Jian Council.
   987 | D:2      | Reached ** piety under Trog
  1039 | D:2      | Identified the ring "Vanwuqau" {Drain Fly rElec rPois rCorr
                  | Dex+6}
  1524 | D:3      | Noticed Terence
  1532 | D:3      | Killed Terence
  1533 | D:3      | Reached skill level 5 in Unarmed Combat
  1533 | D:3      | Reached XP level 4. HP: 23/42 MP: 3/3
  1634 | D:3      | Noticed Ijyb
  1639 | D:3      | Killed Ijyb
  1654 | D:3      | Reached XP level 5. HP: 20/50 MP: 4/4
  1863 | D:3      | Found a runed translucent door.
  1864 | D:3      | Noticed Crazy Yiuf
  2103 | D:3      | Killed Crazy Yiuf
  2104 | D:3      | Reached skill level 6 in Unarmed Combat
  2457 | D:4      | Noticed a black bear
  2464 | D:4      | Killed a black bear
  2465 | D:4      | Reached skill level 7 in Unarmed Combat
  2465 | D:4      | Reached XP level 6. HP: 56/59 MP: 5/5
  2869 | D:4      | Reached *** piety under Trog
  2942 | D:5      | Entered Level 5 of the Dungeon
  2958 | D:5      | Noticed an angel
  2979 | D:5      | Reached skill level 8 in Unarmed Combat
  2979 | D:5      | Reached XP level 7. HP: 30/66 MP: 1/6
  2997 | D:5      | HP: 2/66 [gnoll sergeant/+0 spear (4)]
  2997 | D:5      | Slain by a gnoll

Illustrated notes

Levels and vault maps discovered:
D:1:      psy_arrival_fountain, layout_rooms, ebering_ecumenical_altar_box
D:2:      layout_basic, basic_altar
D:3:      layout_basic, kennysheep_nondescript, uniq_ijyb,
          uniq_crazy_yiuf_cottage, uniq_terence
D:4:      layout_cave_pods, nicolae_elevator_lobby_asterisk
D:5:      layout_basic, temple_garden

Skill      XL: |  1  2  3  4  5  6 |
---------------+-------------------+-----
Unarmed Combat | 4 5 7 8 |  8.0
Fighting       | |  2.4
Dodging        | |  2.4

Action                   |  1- 3 |  4- 6 |  7- 9 || total
-------------------------+-------+-------+-------++-------
Melee: Unarmed           |    91 |   108 |     5 ||   204
       Punch             |     2 |     1 |     1 ||     4
Invok: Berserk           |     1 |     3 |       ||     4
  Use: Potion            |       |       |     2 ||     2
 Stab: Distracted        |       |     1 |       ||     1
Armor: Animal skin       |    20 |    31 |     5 ||    56
Dodge: Dodged            |    42 |    66 |    10 ||   118

Table legend: (Time is in decaauts)
 A = Elapsed time spent in this place.
 B = Non-inter-level travel time spent in this place.
 C = Inter-level travel time spent in this place.
 D = Time resting spent in this place.
 E = Time spent auto-exploring this place.
 F = Levels seen in this place.
 G = Mean time per level.
                   A        B        C        D        E       F      G
               +--------+--------+--------+--------+--------+-----+--------+
         Total |   3007 |   2903 |    104 |     70 |   2312 |   5 |  601.4 |
       Dungeon |   3007 |   2903 |    104 |     70 |   2312 |   5 |  601.4 |
               +--------+--------+--------+--------+--------+-----+--------+

Top non-repeatable levels by time:
     D:2: 988 daAuts
     D:4: 763 daAuts
     D:3: 715 daAuts
     D:1: 482 daAuts
     D:5: 57 daAuts
